cohdb
Replays
Latest Replays
All Replays
Popular Replays
Top Player Replays
Match Explorer
How It Works
Community
CoH3 Stats
Reddit
Sign in to upload your games and track your stats! →
Sign in with Steam
Match 39914374
Unlisted
Match 39914374
Overview
Messages
Build Orders
End
Construct Barracks
Riflemen Squad
Riflemen Squad
Construct Weapon Support Center
M1919 Machine Gun Team
Bazooka Squad
Mechanized Support Center
Construct Medical Station
Selects Heavy Weapons
Selects Heavy Weapons
Selects Assault Carriers
M3 Assault Carrier
Designate Forward Repair Station
M3 Assault Carrier
M1919 Machine Gun Team
Selects M2HB .50cal Heavy Machine Gun
Selects Exchangeable Parts
Grenade Package
Bazooka Squad
Construct Tank Depot
M1 Mortar Team
Selects Rapid Reposition
M4A1 Sherman Medium Tank
M4A1 76mm Conversion
Riflemen Squad
Bazooka Squad
Improvised Armor
M4A1(76) Sherman Medium Tank
M1918 Browning Automatic Rifles
Selects Black Dragon Artillery Barrage
Bazooka Squad
M1919 Machine Gun Team
Engineer Squad
Designate Forward Repair Station
M1919 Machine Gun Team
Improved M9 Bazooka Rockets
Construct Motor Pool
Selects M26 Pershing Heavy Tank
『BlackBear』
DPJ_realy
[TOD7] Gandalfalex
孤冰月
jessyjames
GREATSWORD FOR THE LIFE
Swordfingerdarkblue
小虚空
0
0
Comments
sign in to comment!
No comments posted yet!